| TOP OF THE 1ST |
|
El Paso Chihuahuas batting - Pitching for Las Vegas 51s : LHP Mike Capers
|
|
Pitching: LHP Mike Capers
|
|
|
Batting: LHB Angel Mejia
|
0-0: Foul Ball, location: 2F 0-1: Ball 1-1: Bunt missed! 1-2: Ball 2-2: Fly out, F7 (Flyball, 7S, EV 91.9 MPH)
|
|
Batting: RHB Lamberto Amicis
|
0-0: Foul Ball, location: 2F 0-1: Ball 1-1: Called Strike 1-2: Ball 2-2: Strikes out swinging
|
|
Batting: RHB Andy Sheridan
|
0-0: Ball 1-0: Called Strike 1-1: Swinging Strike 1-2: Strikes out swinging
|
| Top of the 1st over - 0 runs, 0 hits, 0 errors, 0 left on base; El Paso 0 - Las Vegas 0 |
| BOTTOM OF THE 1ST |
|
Las Vegas 51s batting - Pitching for El Paso Chihuahuas : LHP Ryan Tatum
|
|
Pitching: LHP Ryan Tatum
|
|
|
Batting: SHB Jason Larson
|
0-0: Ball 1-0: Ball 2-0: Ball 3-0: Fly out, F8 (Flyball, 8LXD, EV 104.4 MPH)
|
|
Batting: LHB Adam Hairston
|
0-0: Foul Ball, location: 2F 0-1: SINGLE (Groundball, 34D, EV 104.4 MPH)
|
|
Batting: RHB Josh Jones
|
0-0: 2-RUN HOME RUN (Line Drive, 78XD, EV 101.2 MPH), Distance : 424 ft
|
|
Batting: SHB Harrison Feist
|
0-0: Ball 1-0: Ball 2-0: Called Strike 2-1: Ball 3-1: Base on Balls
|
|
Batting: LHB Bill Armijo
|
0-0: Called Strike 0-1: DOUBLE (Line Drive, 78XD, EV 106.9 MPH) Harrison Feist to third
|
|
Batting: SHB Nelson Powell
|
0-0: Ball 1-0: Foul Ball, location: 2F 1-1: Ball 2-1: Foul Ball, location: 2F 2-2: Ground out 6-3 (Groundball, 6, EV 78.8 MPH) Harrison Feist scores Bill Armijo to third
|
|
Batting: RHB Devine Adams
|
0-0: Ground out 6-3 (Groundball, 6, EV 90.6 MPH)
|
| Bottom of the 1st over - 3 runs, 3 hits, 0 errors, 1 left on base; El Paso 0 - Las Vegas 3 |
| TOP OF THE 2ND |
|
El Paso Chihuahuas batting - Pitching for Las Vegas 51s : LHP Mike Capers
|
|
Batting: RHB Eric Sandell
|
0-0: Called Strike 0-1: Ball 1-1: Swinging Strike 1-2: Foul Ball, location: 2F 1-2: Foul Ball, location: 2F 1-2: Foul Ball, location: 2F 1-2: Strikes out swinging
|
|
Batting: RHB Chase Briney
|
0-0: Called Strike 0-1: Swinging Strike 0-2: Foul Ball, location: 2F 0-2: Strikes out looking
|
|
Batting: LHB Carlos Cuellar
|
0-0: Swinging Strike 0-1: Called Strike 0-2: Foul Ball, location: 2F 0-2: Strikes out swinging
|
| Top of the 2nd over - 0 runs, 0 hits, 0 errors, 0 left on base; El Paso 0 - Las Vegas 3 |
| BOTTOM OF THE 2ND |
|
Las Vegas 51s batting - Pitching for El Paso Chihuahuas : LHP Ryan Tatum
|
|
Batting: LHB Jose Chavez
|
0-0: Called Strike 0-1: Called Strike 0-2: Ball 1-2: Ground out 4-3 (Groundball, 4S, EV 86.2 MPH)
|
|
Batting: RHB Alex Vasquez
|
0-0: Ball 1-0: Called Strike 1-1: Foul Ball, location: 2F 1-2: Strikes out looking
|
|
Batting: SHB Jason Larson
|
0-0: Called Strike 0-1: Ball 1-1: Foul Ball, location: 2F 1-2: Ball 2-2: Strikes out swinging
|
| Bottom of the 2nd over - 0 runs, 0 hits, 0 errors, 0 left on base; El Paso 0 - Las Vegas 3 |
| TOP OF THE 3RD |
|
El Paso Chihuahuas batting - Pitching for Las Vegas 51s : LHP Mike Capers
|
|
Batting: RHB Kiril Emeshin
|
0-0: SINGLE (Groundball, 5S, EV 70.6 MPH) (infield hit)
|
|
Batting: SHB Blake Abbott
|
0-0: Ball 1-0: Foul Ball, location: 2F 1-1: Swinging Strike 1-2: Ball 2-2: Strikes out swinging
|
|
Batting: LHB Anthony Mosley
|
0-0: Ball 1-0: Ball 2-0: Called Strike 2-1: SINGLE (Flyball, 34D, EV 88.8 MPH) Kiril Emeshin to second
|
|
Batting: LHB Angel Mejia
|
0-0: Called Strike 0-1: Foul Ball, location: 2F 0-2: Grounds into double play, 4-6-3 (Groundball, 4MS, EV 93.1 MPH)
|
| Top of the 3rd over - 0 runs, 2 hits, 0 errors, 1 left on base; El Paso 0 - Las Vegas 3 |
| BOTTOM OF THE 3RD |
|
Las Vegas 51s batting - Pitching for El Paso Chihuahuas : LHP Ryan Tatum
|
|
Batting: LHB Adam Hairston
|
0-0: Foul Ball, location: 2F 0-1: Ball 1-1: Called Strike 1-2: Strikes out looking
|
|
Batting: RHB Josh Jones
|
0-0: SINGLE (Line Drive, 56, EV 102.5 MPH)
|
|
Batting: SHB Harrison Feist
|
0-0: Ball 1-0: Ball 2-0: Ball 3-0: Fly out, F7 (Flyball, 7LS, EV 88.1 MPH)
|
|
Batting: LHB Bill Armijo
|
0-0: Called Strike 0-1: Called Strike Josh Jones steals 2nd base 0-2: Ball 1-2: Ball 2-2: DOUBLE (Line Drive, 3D, EV 97.5 MPH) Josh Jones scores
|
|
Batting: SHB Nelson Powell
|
0-0: Called Strike 0-1: Ball 1-1: Foul Ball, location: 2F 1-2: Ground out 4-3 (Groundball, 4M, EV 76.2 MPH)
|
| Bottom of the 3rd over - 1 run, 2 hits, 0 errors, 1 left on base; El Paso 0 - Las Vegas 4 |
| TOP OF THE 4TH |
|
El Paso Chihuahuas batting - Pitching for Las Vegas 51s : LHP Mike Capers
|
|
Batting: RHB Lamberto Amicis
|
0-0: Ball 1-0: Ground out 6-3 (Groundball, 6, EV 100.6 MPH)
|
|
Batting: RHB Andy Sheridan
|
0-0: Ball 1-0: Swinging Strike 1-1: Ground out 6-3 (Groundball, 56, EV 100.6 MPH)
|
|
Batting: RHB Eric Sandell
|
0-0: Called Strike 0-1: Ball 1-1: Ball 2-1: SINGLE (Groundball, 4MD, EV 105.0 MPH)
|
|
Batting: RHB Chase Briney
|
0-0: Ball 1-0: SINGLE (Line Drive, 89S, EV 86.2 MPH) Eric Sandell to second Runner from 2nd tries for 3rd, OUT! 9-5
|
| Top of the 4th over - 0 runs, 2 hits, 0 errors, 1 left on base; El Paso 0 - Las Vegas 4 |
| BOTTOM OF THE 4TH |
|
Las Vegas 51s batting - Pitching for El Paso Chihuahuas : LHP Ryan Tatum
|
|
Batting: RHB Devine Adams
|
0-0: Ball 1-0: Ground out 6-3 (Groundball, 6, EV 91.9 MPH)
|
|
Batting: LHB Jose Chavez
|
0-0: Called Strike 0-1: Foul Ball, location: 2F 0-2: Foul Ball, location: 2F 0-2: Ball 1-2: Strikes out swinging
|
|
Batting: RHB Alex Vasquez
|
0-0: Ball 1-0: Swinging Strike 1-1: Swinging Strike 1-2: SINGLE (Groundball, 6MD, EV 103.1 MPH)
|
|
Batting: SHB Jason Larson
|
0-0: Ball 1-0: Ball 2-0: Ground out 1-3 (Groundball, 34S, EV 66.2 MPH)
|
| Bottom of the 4th over - 0 runs, 1 hit, 0 errors, 1 left on base; El Paso 0 - Las Vegas 4 |
| TOP OF THE 5TH |
|
El Paso Chihuahuas batting - Pitching for Las Vegas 51s : LHP Mike Capers
|
|
Batting: LHB Carlos Cuellar
|
0-0: Foul Ball, location: 2F 0-1: Foul Ball, location: 2F 0-2: Strikes out swinging
|
|
Batting: RHB Kiril Emeshin
|
0-0: Fly out, F2 (Popup, 2L, EV 87.5 MPH)
|
|
Pitching: RHP Brian Wood
|
|
|
Batting: SHB Blake Abbott
|
0-0: Called Strike 0-1: Called Strike 0-2: Ball 1-2: Foul Ball, location: 2F 1-2: Ball 2-2: Strikes out swinging
|
| Top of the 5th over - 0 runs, 0 hits, 0 errors, 0 left on base; El Paso 0 - Las Vegas 4 |
| BOTTOM OF THE 5TH |
|
Las Vegas 51s batting - Pitching for El Paso Chihuahuas : LHP Ryan Tatum
|
|
Batting: LHB Adam Hairston
|
0-0: Swinging Strike 0-1: Ball 1-1: Ball 2-1: Swinging Strike 2-2: Foul Ball, location: 2F 2-2: Strikes out looking
|
|
Batting: RHB Josh Jones
|
0-0: Called Strike 0-1: Ball 1-1: Ball 2-1: Swinging Strike 2-2: SINGLE (Line Drive, 6D, EV 102.5 MPH)
|
|
Batting: SHB Harrison Feist
|
0-0: Called Strike 0-1: Called Strike 0-2: Strikes out swinging
|
|
Batting: LHB Bill Armijo
|
0-0: Called Strike 0-1: Called Strike Josh Jones steals 2nd base 0-2: Ball 1-2: Fly out, F9 (Flyball, 9, EV 91.9 MPH)
|
| Bottom of the 5th over - 0 runs, 1 hit, 0 errors, 1 left on base; El Paso 0 - Las Vegas 4 |
| TOP OF THE 6TH |
|
El Paso Chihuahuas batting - Pitching for Las Vegas 51s : RHP Brian Wood
|
|
Batting: LHB Anthony Mosley
|
0-0: Foul Ball, location: 2F 0-1: Ball 1-1: Ball 2-1: Ground out 6-3 (Groundball, 4M, EV 83.8 MPH)
|
|
Batting: LHB Angel Mejia
|
0-0: Foul Ball, location: 2F 0-1: Ball 1-1: Fly out, F9 (Line Drive, 89M, EV 94.4 MPH)
|
|
Batting: RHB Lamberto Amicis
|
0-0: Ground out 5-3 (Groundball, 56, EV 86.9 MPH)
|
| Top of the 6th over - 0 runs, 0 hits, 0 errors, 0 left on base; El Paso 0 - Las Vegas 4 |
| BOTTOM OF THE 6TH |
|
Las Vegas 51s batting - Pitching for El Paso Chihuahuas : LHP Ryan Tatum
|
|
Batting: SHB Nelson Powell
|
0-0: Ball 1-0: Ball 2-0: Ball 3-0: Base on Balls
|
|
Batting: RHB Devine Adams
|
0-0: Ball 1-0: Ball 2-0: Ball 3-0: Called Strike 3-1: Base on Balls Nelson Powell to second
|
|
Batting: LHB Jose Chavez
|
0-0: Ball 1-0: Ball 2-0: Called Strike 2-1: Foul Ball, location: 2F 2-2: Strikes out looking
|
|
Batting: RHB Alex Vasquez
|
0-0: Ball 1-0: Swinging Strike 1-1: Ball 2-1: Ball 3-1: Foul Ball, location: 2F 3-2: Base on Balls Nelson Powell to third Devine Adams to second
|
|
Pitching: RHP Rich Reinbolt
|
|
|
Batting: SHB Jason Larson
|
0-0: Ball 1-0: Foul Ball, location: 2F 1-1: Foul Ball, location: 2F 1-2: Foul Ball, location: 2F 1-2: Foul Ball, location: 2F 1-2: Foul Ball, location: 2F 1-2: Strikes out swinging
|
|
Batting: LHB Adam Hairston
|
0-0: Ball 1-0: Called Strike 1-1: Foul Ball, location: 2F 1-2: Strikes out swinging
|
| Bottom of the 6th over - 0 runs, 0 hits, 0 errors, 3 left on base; El Paso 0 - Las Vegas 4 |
| TOP OF THE 7TH |
|
El Paso Chihuahuas batting - Pitching for Las Vegas 51s : RHP Brian Wood
|
|
Batting: RHB Andy Sheridan
|
0-0: Ground out 6-3 (Groundball, 6, EV 81.2 MPH)
|
|
Batting: RHB Eric Sandell
|
0-0: Ground out 6-3 (Groundball, 6MD, EV 99.4 MPH)
|
|
Batting: RHB Chase Briney
|
0-0: Ball 1-0: Fly out, F8 (Flyball, 8RD, EV 94.4 MPH)
|
| Top of the 7th over - 0 runs, 0 hits, 0 errors, 0 left on base; El Paso 0 - Las Vegas 4 |
| BOTTOM OF THE 7TH |
|
Las Vegas 51s batting - Pitching for El Paso Chihuahuas : RHP Rich Reinbolt
|
|
Batting: RHB Josh Jones
|
0-0: Ball 1-0: Foul Ball, location: 2F 1-1: Foul Ball, location: 2F 1-2: Ground out 3-1 (Groundball, 34, EV 83.8 MPH)
|
|
Batting: SHB Harrison Feist
|
0-0: Ball 1-0: Ball 2-0: Ball 3-0: Base on Balls
|
|
Batting: LHB Bill Armijo
|
0-0: Ball 1-0: Foul Ball, location: 2F 1-1: Ball Passed Ball! Harrison Feist to second 2-1: Foul Ball, location: 2F 2-2: Strikes out swinging
|
|
Batting: SHB Nelson Powell
|
0-0: Ball 1-0: Called Strike 1-1: Fly out, F9 (Flyball, 9, EV 88.8 MPH)
|
| Bottom of the 7th over - 0 runs, 0 hits, 0 errors, 1 left on base; El Paso 0 - Las Vegas 4 |
| TOP OF THE 8TH |
|
El Paso Chihuahuas batting - Pitching for Las Vegas 51s : RHP Brian Wood
|
|
Batting: LHB Carlos Cuellar
|
0-0: Ball 1-0: Foul Ball, location: 2F 1-1: Foul Ball, location: 2F 1-2: SINGLE (Groundball, 34D, EV 107.5 MPH)
|
|
Batting: RHB Kiril Emeshin
|
0-0: Swinging Strike 0-1: Swinging Strike 0-2: Strikes out swinging
|
|
Batting: SHB Blake Abbott
|
0-0: Called Strike 0-1: Ball 1-1: SINGLE (Groundball, 6D, EV 108.8 MPH) Carlos Cuellar to second
|
|
Batting: LHB Anthony Mosley
|
0-0: Ball 1-0: Ball 2-0: Foul Ball, location: 2F 2-1: Foul Ball, location: 2F 2-2: Strikes out swinging
|
|
Batting: LHB Angel Mejia
|
0-0: Called Strike 0-1: Swinging Strike 0-2: Strikes out looking and he ARGUES THE CALL AND IS TOSSED!
|
| Top of the 8th over - 0 runs, 2 hits, 0 errors, 2 left on base; El Paso 0 - Las Vegas 4 |
| BOTTOM OF THE 8TH |
|
Las Vegas 51s batting - Pitching for El Paso Chihuahuas : RHP Rich Reinbolt
|
|
Pitching: LHP Jeff Troxel
|
|
|
Now at 2B: Matt Fabre
|
|
|
Batting: RHB Devine Adams
|
0-0: Ball 1-0: Called Strike 1-1: Foul Ball, location: 2F 1-2: Foul Ball, location: 2F 1-2: Ball 2-2: Strikes out swinging
|
|
Batting: LHB Jose Chavez
|
0-0: Ball 1-0: Ball 2-0: Called Strike 2-1: Foul Ball, location: 2F 2-2: Strikes out swinging
|
|
Batting: RHB Alex Vasquez
|
0-0: SINGLE (Groundball, 6MD, EV 105.0 MPH)
|
|
Batting: SHB Jason Larson
|
0-0: Called Strike 0-1: Swinging Strike 0-2: Ball 1-2: Strikes out looking
|
| Bottom of the 8th over - 0 runs, 1 hit, 0 errors, 1 left on base; El Paso 0 - Las Vegas 4 |
| TOP OF THE 9TH |
|
El Paso Chihuahuas batting - Pitching for Las Vegas 51s : RHP Brian Wood
|
|
Pitching: LHP Ken Dewey
|
|
|
Batting: RHB Lamberto Amicis
|
0-0: Fly out, F8 (Flyball, 8LXD, EV 82.5 MPH)
|
|
Batting: RHB Andy Sheridan
|
0-0: Ball 1-0: Ball 2-0: Called Strike 2-1: Foul Ball, location: 2F 2-2: Strikes out swinging
|
|
Batting: RHB Eric Sandell
|
0-0: Swinging Strike 0-1: Swinging Strike 0-2: Ball 1-2: Foul Ball, location: 2F 1-2: Strikes out swinging
|
| Top of the 9th over - 0 runs, 0 hits, 0 errors, 0 left on base; El Paso 0 - Las Vegas 4 |
|